Map: Odyssey LE

Players

Lucho - Winner!

  • Race: Terran Terran
  • Spawn Location: 11:00

destroyerguy

  • Race: Protoss Protoss
  • League: Bronze
  • Spawn Location: 5:00

VOD

Have the link to the VOD?

Description

Time

  • Played on: Dec. 12, 2017, 6:59 p.m.
  • Length: 28:50
Show
View Real Time Build Order
Export as new Build Order

Lucho Terran - Winner!

Build Orders:  

Get SALT Encoding   

  12  0:01  SCV  
  13  0:14  SCV  
  14  0:20  Supply Depot  
  14  0:31  SCV  
  14  0:32  Supply Depot  
  15  0:53  SCV  
  16  0:57  Barracks  
  16  1:05  SCV  
  16  1:08  Barracks  
  17  1:18  SCV  
  18  1:30  SCV  
  18  1:32  Refinery  
  19  1:37  Refinery  
  19  1:42  SCV  
  21  1:54  SCV  
  21  1:55  Supply Depot  
  21  2:06  SCV  
  22  2:10  Reaper  
  23  2:18  SCV  
  23  2:21  Engineering Bay  
  24  2:31  Orbital Command  
  24  2:42  Marine  
  25  2:57  Factory  
  25  2:59  Marine  
  26  3:17  Marine  
  27  3:35  Marine  
  28  3:42  Terran Infantry Weapons Level 1  
  28  3:49  Command Center  
  28  3:54  Barracks Reactor  
  28  3:57  Factory Tech Lab  
  28  4:09  Starport  
  28  4:17  SCV  
  29  4:29  Marine, SCV  
  29  4:30  Marine  
  32  4:41  SCV  
  33  4:47  Marine x2  
  35  4:53  SCV  
  35  5:05  Marine x2, SCV  
  38  5:13  Planetary Fortress  
  38  5:15  Refinery  
  38  5:17  SCV  
  38  5:19  Bunker  
  39  5:23  Marine x2  
  41  5:29  SCV  
  41  5:30  Starport Tech Lab  
  42  5:36  Terran Infantry Armor Level 1  
  42  5:41  Refinery, Marine x2  
  42  5:42  SCV  
  45  5:54  SCV  
  46  6:03  Armory  
  46  6:10  Banshee  
  49  6:14  Cloaking Field  
  49  6:22  Siege Tank  
  52  6:53  Banshee  
  55  7:00  Supply Depot  
  55  7:14  Thor  
  61  7:30  Supply Depot, Building Armor  
  61  7:36  Marine x2, Banshee  
  66  7:53  Marine  
  66  7:54  Marine  
  66  7:57  Cyclone  
  71  8:11  Marine x2  
  73  8:15  Supply Depot  
  73  8:29  Siege Tank, Marine x2  
  73  8:33  Terran Vehicle Weapons Level 1  
  78  8:37  Supply Depot  
  78  8:43  Hyperflight Rotors  
  78  9:10  Neosteel Frame  
  78  9:14  Marine x2  
  80  9:18  Supply Depot  
  80  9:21  SCV  
  81  9:32  Marine x2  
  81  9:33  SCV  
  84  9:46  SCV  
  84  9:50  Marine x2  
  87  10:07  Marine x2  
  89  10:27  Marine x2, Terran Vehicle And Ship Armor Level 1  
  91  10:29  Terran Infantry Weapons Level 2  
  91  10:44  Marine  
  91  10:45  Marine  
  93  10:50  Thor  
  93  10:56  Supply Depot  
  99  11:02  Marine x2  
  101  11:11  Banshee  
  104  11:20  Marine x2  
  104  11:22  Factory  
  106  11:33  Thor  
  112  11:54  Banshee  
  115  12:16  Thor  
  115  12:22  Terran Ship Weapons Level 1  
  121  12:35  Factory Tech Lab  
  121  12:37  Banshee  
  121  12:38  Command Center  
  121  12:44  Factory, Terran Infantry Armor Level 2  
  124  12:55  Thor  
  130  12:59  Thor  
  136  13:33  Banshee  
  139  13:38  Thor  
  139  13:40  Bunker  
  145  13:42  Thor  
  151  13:54  Missile Turret  
  151  13:57  Planetary Fortress  
  151  14:15  Terran Vehicle Weapons Level 2  
  151  14:16  Banshee  
  154  14:20  Factory Tech Lab  
  154  14:21  Thor  
  160  14:39  SCV  
  160  14:40  Refinery  
  160  14:41  Missile Turret  
  161  14:51  SCV  
  162  14:59  Banshee  
  165  15:00  Terran Infantry Weapons Level 3  
  165  15:03  Refinery, SCV  
  166  15:16  SCV  
  167  15:28  SCV  
  168  15:42  Banshee  
  168  16:25  Banshee  
  171  16:31  Terran Vehicle And Ship Armor Level 2  
  171  16:35  Supply Depot  
  171  16:57  Thor, Supply Depot  
  171  17:00  Thor  
  171  17:01  Thor  
  189  17:18  Banshee  
  192  17:39  Thor  
  198  17:59  Smart Servos  
  198  19:44  Orbital Command  
  198  19:46  Missile Turret  
  198  19:56  Bunker  
  198  20:00  Missile Turret  
  198  20:28  Bunker  
  198  20:45  Refinery  
  198  20:46  Refinery  
  198  21:46  Terran Vehicle And Ship Armor Level 3  
  198  21:49  Terran Infantry Armor Level 3  
  198  21:59  Widow Mine  
  200  23:02  Fusion Core  
  197  23:52  Weapon Refit  
  197  24:23  Terran Vehicle Weapons Level 3  
  197  24:26  Hi-Sec Auto Tracking  
  197  24:54  Missile Turret  
  197  25:14  Bunker  
  197  25:27  Command Center  
  197  25:34  Marine x2  
  190  25:52  Marine  
  155  26:56  Thor x2  
  127  27:24  Battlecruiser  
Show
View Real Time Build Order
Export as new Build Order

destroyerguy Protoss 

Build Orders:  

Get SALT Encoding   

  12  0:02  Probe  
  13  0:14  Pylon  
  13  0:18  Probe  
  14  0:30  Probe (Chrono Boost)  
  15  0:42  Probe (Chrono Boost)  
  16  0:44  Probe  
  16  0:45  Gateway  
  17  1:01  Gateway  
  17  1:06  Pylon  
  17  1:11  Probe  
  18  1:24  Probe (Chrono Boost)  
  19  1:36  Probe (Chrono Boost)  
  21  1:40  Cybernetics Core  
  21  1:41  Probe (Chrono Boost)  
  21  1:45  Assimilator  
  21  1:50  Assimilator, Probe  
  22  1:55  Pylon  
  22  2:02  Probe  
  22  2:03  Zealot x2  
  27  2:29  Warp Gate (Chrono Boost)  
  27  2:30  Zealot  
  29  3:06  Zealot x2  
  31  3:33  Stalker x2  
  32  4:02  Probe  
  33  4:14  Nexus, Probe  
  34  4:26  Probe  
  34  4:28  Assimilator  
  34  4:31  Assimilator  
  35  4:34  Pylon  
  35  4:36  Pylon  
  35  4:39  Probe  
  35  4:41  Pylon  
  35  4:51  Probe  
  34  5:17  Gateway  
  34  5:20  Gateway  
  34  5:27  Pylon  
  34  5:31  Pylon  
  34  5:35  Pylon  
  34  5:43  Stargate  
  34  5:47  Stargate  
  34  5:53  Probe  
  34  5:56  Adept x2  
  39  6:00  Probe  
  40  6:05  Probe  
  41  6:12  Probe  
  41  6:17  Probe  
  43  6:24  Probe  
  44  6:29  Probe  
  45  6:36  Probe, Stalker  
  45  6:39  Stalker x2  
  52  6:41  Probe  
  53  6:49  Probe  
  54  6:57  Forge  
  54  7:01  Probe  
  55  7:02  Forge  
  55  7:14  Twilight Council  
  55  7:18  Probe  
  56  7:30  Probe  
  57  7:42  Probe  
  58  7:50  Void Ray  
  58  7:51  Void Ray  
  66  7:55  Probe  
  67  8:07  Fleet Beacon, Probe  
  68  8:13  Protoss Ground Weapons Level 1 (Chrono Boost)  
  68  8:18  Protoss Air Weapons Level 1  
  68  8:19  Probe  
  69  8:23  Protoss Ground Armor Level 1 (Chrono Boost)  
  69  8:31  Probe  
  70  8:44  Probe (Chrono Boost)  
  72  8:56  Probe (Chrono Boost)  
  72  8:57  Stalker  
  72  8:58  Stalker x2  
  72  8:59  Probe  
  72  9:02  Zealot  
  81  9:11  Probe  
  82  9:23  Probe  
  83  9:35  Probe  
  69  9:45  Oracle (Chrono Boost)  
  69  9:47  Probe  
  67  9:57  Protoss Shields Level 1  
  66  10:12  Protoss Air Armor Level 1  
  46  10:56  Probe x2 (Chrono Boost)  
  50  11:08  Probe (Chrono Boost)  
  50  11:09  Probe (Chrono Boost)  
  52  11:15  Probe x3 (Chrono Boost)  
  53  11:19  Protoss Ground Weapons Level 2  
  53  11:22  Probe  
  54  11:28  Probe  
  55  11:34  Probe  
  56  11:40  Probe  
  56  11:46  Probe  
  58  11:51  Protoss Ground Armor Level 2  
  58  11:52  Probe  
  59  11:58  Probe  
  60  12:04  Probe  
  61  12:10  Probe  
  62  12:16  Probe  
  62  12:19  Gateway x2, Stalker x4  
  62  12:22  Probe  
  72  12:23  Protoss Air Weapons Level 2 (Chrono Boost)  
  72  12:28  Probe  
  73  12:34  Probe  
  74  12:40  Probe  
  75  12:47  Probe  
  76  12:52  Probe  
  74  13:51  Probe  
  75  14:03  Probe  
  76  14:15  Probe  
  77  14:22  Assimilator  
  77  14:27  Probe  
  78  14:39  Probe  
  79  14:50  Probe  
  79  14:51  Probe  
  89  15:02  Probe  
  89  15:03  Probe  
  79  15:14  Probe  
  79  15:16  Probe  
  80  15:22  Robotics Facility  
  80  15:26  Probe  
  80  15:28  Probe  
  81  15:39  Probe  
  76  15:45  Void Ray  
  76  15:57  Void Ray  
  76  16:00  Protoss Shields Level 2  
  76  16:05  Pylon  
  76  16:08  Pylon  
  76  16:10  Pylon  
  76  16:15  Pylon  
  76  16:19  Pylon  
  76  16:27  Observer (Chrono Boost)  
  76  16:28  Probe  
  78  16:40  Probe  
  79  16:52  Probe  
  79  16:53  Nexus  
  80  17:00  Nexus  
  80  17:03  Assimilator x2  
  80  17:04  Probe  
  80  17:07  Pylon  
  81  17:09  Assimilator  
  81  17:12  Pylon  
  81  17:13  Pylon  
  81  17:14  Pylon  
  81  17:15  Pylon  
  81  17:16  Probe  
  81  17:17  Pylon  
  81  17:21  Probe  
  83  17:23  Protoss Air Armor Level 2  
  83  17:32  Pylon  
  83  17:34  Pylon  
  83  17:42  Tempest  
  83  17:43  Tempest  
  95  17:59  Pylon  
  95  18:10  Probe  
  97  18:12  Probe  
  97  18:22  Probe  
  97  18:24  Probe  
  97  18:25  Tempest  
  105  18:34  Probe  
  106  18:36  Probe  
  106  18:37  Probe  
  104  18:48  Probe  
  104  18:49  Probe  
  104  18:51  Protoss Ground Weapons Level 3  
  106  19:00  Probe  
  106  19:01  Probe  
  107  19:13  Probe  
  105  19:25  Probe  
  105  19:29  Protoss Air Weapons Level 3 (Chrono Boost)  
  106  20:02  Protoss Ground Armor Level 3  
  106  20:15  Probe (Chrono Boost)  
  107  20:27  Probe (Chrono Boost)  
  108  20:29  Probe  
  109  20:40  Stalker x4  
  109  20:41  Probe, Stalker  
  109  20:42  Stalker  
  122  20:54  Probe  
  123  20:59  Tempest  
  129  21:06  Probe  
  130  21:18  Protoss Shields Level 3, Probe  
  131  21:22  Tempest  
  137  21:30  Probe  
  137  21:31  Observer (Chrono Boost)  
  139  21:42  Probe  
  140  21:47  Tempest  
  146  21:54  Probe  
  146  21:56  Protoss Air Armor Level 3 (Chrono Boost)  
  147  22:05  Tempest  
  150  22:08  Probe  
  137  22:28  Pylon  
  137  22:30  Pylon  
  137  22:32  Pylon  
  137  22:35  Pylon  
  136  22:51  Assimilator  
  136  22:52  Assimilator  
  136  22:54  Pylon x2  
  136  22:56  Pylon  
  136  23:11  Nexus  
  136  23:13  Tempest x2  
  136  23:14  Assimilator x2  
  136  23:18  Pylon  
  136  23:19  Pylon  
  148  23:20  Assimilator, Pylon  
Tags
 
League
Bronze
Matchup
PvT
Spawn Locations
Cross Positions
Add a new tag
Caveats
  • Supply blocks, unpowered buildings, or Contaminate may cause inaccurate times.
  • Supply counts are checked every 10 seconds.